Workbook

Sheet Notes
B2: Crossford Community Hall
B3: 1st Arpril 2025 to 31st March 2026
B5: Notes
B6: Income & Expenditure runs for 13 months (OSCR says 30/04/25 year end but bank analysis was only until 31st March | H6: Need to establish the time period covered but assumed 1/4/25 to 31/3/26 - DONE
B8: Original income & expenses Excel sheet missing transactions or had incorrect values
B10: Original income & expenses balances not matching closing bank statements
B14: Actions
B16: Created a Reconciliation tab (Bank Rec)
B17: Re-input every bank transaction fro the year
B18: Created a pivot table from every bank transaction
B19: Created and input a corrected Income & Expenditure table
B20: Reconciled every month (bank statement to I&E tab)
B22: Reconciled every transaction to the Bank Rec

Sheet Bank Rec
B2: Crossford Community Hall
B3: 1st April 2025 to 31st March 2026
B5: Bank Reconciliation
F6: £ | G6: £
B8: HSBC Bank Account | D8: Opening balance | E8: 45748 | G8: 4355.84
B9: Account No: 32250764
D10: Income | F10: ='Bank Download - CoPilot'!E205 -> 11229.25
D12: Expenditure | F12: =-'Bank Download - CoPilot'!D205 -> -10605.25
D14: Movement | F14: =SUM(F10:F12) -> 624
D16: Closing balance | E16: 46142 | G16: ='Bank Download - CoPilot'!F198 -> 4979.84
F17: check | G17: =G8+F10+F12-G16 -> 0
D19: Note: 13 month period as PY bank was to 31st March 2025

Sheet I&E Summary
B2: Income from Activities
B4: Hall lets | D4: =SUM('Income & Expenditure 25-26'!Q2:Q25) -> 7526.25
B5: SLC Grants | D5: ='Income & Expenditure 25-26'!Q26 -> 2298
B6: Donations | D6: ='Income & Expenditure 25-26'!Q27 -> 1405
D7: =SUM(D4:D6) -> 11229.25
B9: Expenses
B11: Cleaning | D11: ='Income & Expenditure 25-26'!Q29+'Income & Expenditure 25-26'!Q35+'Income & Expenditure 25-26'!Q37 -> -1262.54
B12: Insurance | D12: ='Income & Expenditure 25-26'!Q31+'Income & Expenditure 25-26'!Q41 -> -1011.1
B13: Heat & Light | D13: ='Income & Expenditure 25-26'!Q32+'Income & Expenditure 25-26'!Q40 -> -5612.23
B14: Water Rates | D14: ='Income & Expenditure 25-26'!Q34 -> -1169.02
B15: Repairs & Maint | D15: ='Income & Expenditure 25-26'!Q39+'Income & Expenditure 25-26'!Q42 -> -525
B16: Waste | D16: ='Income & Expenditure 25-26'!Q33 -> -574.36
B17: Admin Costs | D17: ='Income & Expenditure 25-26'!Q30+'Income & Expenditure 25-26'!Q36+'Income & Expenditure 25-26'!Q38 -> -451
D18: =SUM(D11:D17) -> -10605.25
D20: =D7+D18 -> 624

Sheet Income & Expenditure 25-26
C1: 45717 | D1: 45748 | E1: 45778 | F1: 45809 | G1: 45839 | H1: 45870 | I1: 45901 | J1: 45931 | K1: 45962 | L1: 45992 | M1: 46023 | N1: 46054 | O1: 46082 | P1: 46113 | Q1: Total
B2: Soccer Evolve | E2: 135 | H2: 330 | J2: 45 | L2: 75 | Q2: =SUM(D2:P2) -> 585
B3: KB Yoga | D3: 75 | F3: 75 | I3: 105 | J3: 60 | K3: 60 | L3: =15+30 -> 45 | N3: 60 | O3: 60 | P3: ='Bank Download - CoPilot'!E194 -> 60 | Q3: =SUM(D3:P3) -> 600
B4: Play Group | C4: 255.6 | D4: 213 | E4: 127.8 | F4: 276.9 | G4: 127.8 | I4: 170.4 | J4: 191.7 | K4: 170.4 | L4: 234.3 | M4: 170.4 | N4: 255.6 | O4: 213 | P4: ='Bank Download - CoPilot'!E188 -> 230.75 | Q4: =SUM(D4:P4) -> 2382.05
B5: KG Martial Arts | D5: 40 | F5: =80+40 -> 120 | G5: 30 | H5: 40 | I5: 40 | J5: 40 | K5: 40 | L5: 30 | M5: 30 | N5: 40 | O5: 50 | P5: ='Bank Download - CoPilot'!E187 -> 30 | Q5: =SUM(D5:P5) -> 530
B6: COG | C6: 21.3 | D6: 21.3 | E6: 21.3 | F6: 30 | G6: 30 | J6: 30 | K6: 30 | L6: 30 | M6: 30 | O6: 30 | P6: ='Bank Download - CoPilot'!E189 -> 30 | Q6: =SUM(D6:P6) -> 282.6
B7: Viva | C7: 49.7 | D7: 49.7 | E7: 106.5 | F7: 49.7 | G7: 49.7 | H7: 24.85 | I7: 49.7 | J7: 49.7 | K7: 74.55 | L7: 49.7 | M7: 85.2 | N7: 49.7 | O7: 49.7 | P7: ='Bank Download - CoPilot'!E190+'Bank Download - CoPilot'!E191 -> 81.65 | Q7: =SUM(D7:P7) -> 770.35
B8: Young Farmers | C8: 150 | D8: 50 | E8: 20 | K8: 160 | L8: 80 | N8: 90 | O8: 120 | P8: ='Bank Download - CoPilot'!E192 -> 30 | Q8: =SUM(D8:P8) -> 550
B9: VR | H9: 20 | Q9: =SUM(D9:P9) -> 20
B10: Crossford Church | C10: 85.2 | D10: 106.5 | E10: 92.3 | F10: 85.2 | Q10: =SUM(D10:P10) -> 284
B11: S Boag - Church Group | C11: 56.8 | D11: 56.8 | E11: 56.8 | F11: 71 | Q11: =SUM(D11:P11) -> 184.6
B12: PF - Clyde Valley Filling Station | C12: 21.3 | E12: 21.3 | F12: 35.5 | G12: 24.85 | I12: 70 | K12: 73.5 | L12: 35.5 | N12: 35.5 | O12: 71 | P12: ='Bank Download - CoPilot'!E195 -> 35.5 | Q12: =SUM(D12:P12) -> 402.65
B13: Pony Club | L13: 30 | N13: 30 | Q13: =SUM(D13:P13) -> 60
B14: PS | D14: 10 | Q14: =SUM(D14:P14) -> 10
B15: TL | D15: 10 | Q15: =SUM(D15:P15) -> 10
B16: UYM | E16: 60 | G16: 45 | H16: 60 | I16: 60 | J16: 45 | Q16: =SUM(D16:P16) -> 270
B17: KH | D17: 10 | Q17: =SUM(D17:P17) -> 10
B18: Tillie Totts | C18: 46.2 | Q18: =SUM(D18:P18) -> 0
B19: AM | C19: 28.4 | Q19: =SUM(D19:P19) -> 0
B20: GS | E20: 10 | Q20: =SUM(D20:P20) -> 10
B21: JG | F21: 10 | Q21: =SUM(D21:P21) -> 10
B22: ED | L22: 60 | Q22: =SUM(D22:P22) -> 60
B23: DG - Dancing | G23: 120 | I23: 90 | J23: 60 | Q23: =SUM(D23:P23) -> 270
B24: Party | C24: 125 | H24: 150 | M24: 75 | Q24: =SUM(D24:P24) -> 225
B25: SLC Grant for Bouncy Castle | C25: 1400 | Q25: =SUM(D25:P25) -> 0
B26: SLC Funding Grant | N26: 2298 | Q26: =SUM(D26:P26) -> 2298
B27: Donations | N27: 1405 | Q27: =SUM(D27:P27) -> 1405
B28: SLC Trading Bouncy Castle | C28: -1400 | Q28: =SUM(D28:P28) -> 0
B29: Colbrook Cleaning Equip | C29: -224.21 | I29: -70.77 | J29: -34.79 | K29: -52.3 | M29: -37.73 | Q29: =SUM(D29:P29) -> -195.59
B30: Bank Charges | F30: -5 | G30: -5 | H30: -5 | Q30: =SUM(D30:P30) -> -15
B31: SLC Insurnace Buiildings | C31: -528.47 | O31: -556.3 | Q31: =SUM(D31:P31) -> -556.3
B32: Certas Oil Heating | D32: -779.31 | I32: -1230.31 | K32: -979.65 | N32: -1039.5 | Q32: =SUM(D32:P32) -> -4028.77
B33: Biffa Waste Services | E33: -74.15 | F33: -48.96 | G33: -39.17 | H33: -39.17 | I33: -48.96 | J33: -39.17 | K33: -39.17 | L33: -48.96 | M33: -46.27 | N33: -46.27 | O33: -57.84 | P33: =-'Bank Download - CoPilot'!D196 -> -46.27 | Q33: =SUM(D33:P33) -> -574.36
B34: Scottish Water | D34: -45.66 | E34: -221.82 | H34: -267.95 | K34: -267.95 | N34: -365.64 | Q34: =SUM(D34:P34) -> -1169.02
B35: Cleaning - MJ | C35: -105 | D35: -60 | E35: -60 | F35: =-30-40 -> -70 | G35: -100 | H35: -30 | I35: -60 | J35: -60 | K35: -90 | L35: -30 | M35: -60 | N35: -120 | O35: -150 | P35: =-('Bank Download - CoPilot'!D193+'Bank Download - CoPilot'!D197+'Bank Download - CoPilot'!D198) -> -90 | Q35: =SUM(D35:P35) -> -980
B36: Booking sysytem | H36: -36 | M36: -12 | Q36: =SUM(D36:P36) -> -48
B37: Colbrook Supplies | F37: -86.95 | Q37: =SUM(D37:P37) -> -86.95
B38: Go Cardless | N38: -388 | Q38: =SUM(D38:P38) -> -388
B39: JM - Repairs | J39: -60 | K39: -15 | L39: -150 | O39: -250 | Q39: =SUM(D39:P39) -> -475
B40: EDF Energy | K40: =-1383.7-199.76 -> -1583.46 | Q40: =SUM(D40:P40) -> -1583.46
B41: PI Insurance | M41: -454.8 | Q41: =SUM(D41:P41) -> -454.8
B42: PAT Testing | M42: -50 | Q42: =SUM(D42:P42) -> -50
C45: =SUM(C2:C44) -> -18.18 | D45: =SUM(D2:D44) -> -242.67 | E45: =SUM(E2:E44) -> 295.03 | F45: =SUM(F2:F44) -> 542.39 | G45: =SUM(G2:G44) -> 283.18 | H45: =SUM(H2:H44) -> 246.73 | I45: =SUM(I2:I44) -> -824.94 | J45: =SUM(J2:J44) -> 327.44 | ... Q45: =SUM(Q2:Q44) -> 624
B47: Balance | C47: ='Bank Rec'!G8 -> 4355.84 | D47: =C47+D45 -> 4113.17 | E47: =D47+E45 -> 4408.2 | F47: =E47+F45 -> 4950.59 | G47: =F47+G45 -> 5233.77 | H47: =G47+H45 -> 5480.5 | I47: =H47+I45 -> 4655.56 | J47: =I47+J45 -> 4983 | K47: =J47+K45 -> 2563.92 | ... P47: =O47+P45 -> 4979.84
B48: Bank Closing bal | D48: 4113.17 | E48: 4408.2 | F48: 4950.59 | G48: 5233.77 | H48: 5480.5 | I48: 4655.56 | J48: 4983 | K48: 2563.92 | L48: 3004.46 | M48: 2734.26 | N48: 5038.65 | O48: 4618.21 | P48: ='Bank Download - CoPilot'!F198 -> 4979.84
B50: diff | D50: =D48-D47 -> 0 | E50: =E48-E47 -> 0 | F50: =F48-F47 -> 0 | G50: =G48-G47 -> 0 | H50: =H48-H47 -> 0 | I50: =I48-I47 -> 0 | J50: =J48-J47 -> 0 | K50: =K48-K47 -> 0 | ... P50: =P48-P47 -> 0
B54: income | C54: =SUM(C2:C27) -> 2239.5 | D54: =SUM(D2:D27) -> 642.3 | E54: =SUM(E2:E27) -> 651 | F54: =SUM(F2:F27) -> 753.3 | G54: =SUM(G2:G27) -> 427.35 | H54: =SUM(H2:H27) -> 624.85 | I54: =SUM(I2:I27) -> 585.1 | J54: =SUM(J2:J27) -> 521.4 | ... P54: =SUM(P2:P27) -> 497.9 | Q54: =SUM(D54:P54) -> 11229.25
B55: expenditure | C55: =SUM(C28:C42) -> -2257.68 | D55: =SUM(D28:D42) -> -884.97 | E55: =SUM(E28:E42) -> -355.97 | F55: =SUM(F28:F42) -> -210.91 | G55: =SUM(G28:G42) -> -144.17 | H55: =SUM(H28:H42) -> -378.12 | I55: =SUM(I28:I42) -> -1410.04 | J55: =SUM(J28:J42) -> -193.96 | ... P55: =SUM(P28:P42) -> -136.27 | Q55: =SUM(D55:P55) -> -10605.25
Q56: =SUM(Q54:Q55) -> 624

Sheet Bank Download - CoPilot
A1: Date | B1: Type | C1: Details | D1: Paid_out | E1: Paid_in | F1: Balance | G1: CHECK
A2: 45747 | C2: OPENING BAL | F2: 4355.84
A3: 45748 | B3: CR | C3: K Boag INV-1004 | E3: 75 | F3: 4430.84 | G3: =F2+E3-D3-F3 -> 0
A4: 45752 | B4: CR | C4: Crossford Playgrou INV 1005 MAR LETS | E4: 213 | F4: 4643.84 | G4: =F3+E4-D4-F4 -> 0
A5: 45754 | B5: CR | C5: Gough Kirsty / K GOUGH | E5: 40 | F5: 4683.84 | G5: =F4+E5-D5-F5 -> 0
A6: 45755 | B6: CR | C6: COG (CHRISTIAN OU) / COG | E6: 21.3 | F6: 4705.14 | G6: =F5+E6-D6-F6 -> 0
A7: 45758 | B7: CR | C7: VIVA VIVA MAR INV1007 | E7: 24.85 | F7: 4729.99 | G7: =F6+E7-D7-F7 -> 0
A8: 45760 | B8: BP | C8: Mandy Johnstone / Crossford 0804 | D8: 30 | F8: 4699.99 | G8: =F7+E8-D8-F8 -> 0
A9: 45761 | B9: CR | C9: YOUNG JW / CARLUKE YF march | E9: 50 | F9: 4749.99 | G9: =F8+E9-D9-F9 -> 0
A10: 45762 | B10: DD | C10: SCOTTISH WATER BUS / FIRST PAYMENT | D10: 45.66 | G10: =F9+E10-D10-F10 -> 4704.33
A11: 45762 | B11: CR | C11: VIVA / VIVA MAR INV1008 | E11: 24.85 | F11: 4729.18 | G11: =F10+E11-D11-F11 -> -4704.33
A12: 45763 | B12: CR | C12: Crossford & Kirkfi / INV 15 FEB LETS | E12: 106.5 | G12: =F11+E12-D12-F12 -> 4835.68
A13: 45763 | B13: CR | C13: KEITH HAIG / Sandy Boag | E13: 56.8 | F13: 4892.48 | G13: =F12+E13-D13-F13 -> -4835.68
A14: 45763 | B14: CR | C14: Stewart Peter / INV-1010 | E14: 10 | F14: 4902.48 | G14: =F13+E14-D14-F14 -> 0
A15: 45769 | B15: CR | C15: T Lennox / TLEN INV 1012 | E15: 10 | F15: 4912.48 | G15: =F14+E15-D15-F15 -> 0
A16: 45769 | B16: CR | C16: KEITH HAIG / INV 1011 | E16: 10 | F16: 4922.48 | G16: =F15+E16-D16-F16 -> 0
A17: 45775 | B17: BP | C17: Mandy Johnstone / Crossford 2203 | D17: 30 | G17: =F16+E17-D17-F17 -> 4892.48
A18: 45775 | B18: BP | C18: Certas / 0003025 | D18: 779.31 | F18: 4113.17 | G18: =F17+E18-D18-F18 -> -4892.48
A19: 45779 | B19: CR | C19: SOCCER EVOLVE ACAD APRIL HALL LET | E19: 135 | F19: 4248.17 | G19: =F18+E19-D19-F19 -> 0
A20: 45782 | B20: CR | C20: P Forrest / PETER FORREST | E20: 21.3 | F20: 4269.47 | G20: =F19+E20-D20-F20 -> 0
A21: 45783 | B21: CR | C21: COG (CHRISTIAN OU) / COG | E21: 21.3 | G21: =F20+E21-D21-F21 -> 4290.77
A22: 45783 | B22: CR | C22: YOUNG JW / CARLUKE YF April | E22: 20 | G22: =F21+E22-D22-F22 -> 20
A23: 45783 | B23: CR | C23: Crossford Playgrou / INV 1017 MAR LETS | E23: 127.8 | F23: 4438.57 | G23: =F22+E23-D23-F23 -> -4310.77
A24: 45784 | B24: CR | C24: UnLeish Your Mind INV-1014 | E24: 60 | G24: =F23+E24-D24-F24 -> 4498.57
A25: 45784 | B25: CR | C25: VIVA / VIVA APR INV1015 | E25: 106.5 | F25: 4605.07 | G25: =F24+E25-D25-F25 -> -4498.57
A26: 45790 | B26: BP | C26: Mandy Johnstone / Crossford 1103 | D26: 30 | F26: 4575.07 | G26: =F25+E26-D26-F26 -> 0
A27: 45791 | B27: BP | C27: SIMPSON G / simpson | E27: 10 | F27: 4585.07 | G27: =F26+E27-D27-F27 -> 0
A28: 45802 | B28: CR | C28: KEITH HAIG / 16 April | E28: 56.8 | F28: 4641.87 | G28: =F27+E28-D28-F28 -> 0
A29: 45803 | B29: CR | C29: Crossford & Kirkfi / INV 16Apr Lets | E29: 92.3 | F29: 4734.17 | G29: =F28+E29-D29-F29 -> 0
A30: 45804 | B30: DD | C30: BIFFA WASTE SERVIC / FIRST PAYMENT | D30: 74.15 | G30: =F29+E30-D30-F30 -> 4660.02
A31: 45804 | B31: DD | C31: SCOTTISH WATER BUS | D31: 221.82 | G31: =F30+E31-D31-F31 -> -221.82
A32: 45804 | B32: BP | C32: Mandy Johnstone / Crossford 2005 | D32: 30 | F32: 4408.2 | G32: =F31+E32-D32-F32 -> -4438.2
A33: 45809 | B33: CR | C33: Kirsty Gough / K GOUGH | E33: 40 | F33: 4448.2 | G33: =F32+E33-D33-F33 -> 0
A34: 45813 | B34: CR | C34: P Forrest / PETER FORREST | E34: 35.5 | F34: 4483.7 | G34: =F33+E34-D34-F34 -> 0
A35: 45814 | B35: CR | C35: VIVA / VIVA MAY INV1022 | E35: 49.7 | G35: =F34+E35-D35-F35 -> 4533.4
A36: 45814 | B36: CR | C36: Crossford Playgrou / Hall Inv 1025 May | E36: 276.9 | G36: =F35+E36-D36-F36 -> 276.9
A37: 45814 | B37: CR | C37: COG (CHRISTIAN OU) / COG | E37: 30 | F37: 4840.3 | G37: =F36+E37-D37-F37 -> -4810.3
A38: 45815 | B38: CR | C38: J Gibson / Inv 1024 | E38: 10 | F38: 4850.3 | G38: =F37+E38-D38-F38 -> 0
A39: 45818 | B39: CR | C39: Kirsty Gough / K GOUGH | E39: 80 | F39: 4930.3 | G39: =F38+E39-D39-F39 -> 0
A40: 45819 | B40: BP | C40: Mandy Johnstone / Crossford 1103 | D40: 40 | G40: =F39+E40-D40-F40 -> 4890.3
A41: 45819 | B41: BP | C41: Colbrook Supplies / Crossf01 | D41: 86.95 | F41: 4803.35 | G41: =F40+E41-D41-F41 -> -4890.3
A42: 45822 | B42: CR | C42: K Boag / INV-1026 | E42: 75 | F42: 4878.35 | G42: =F41+E42-D42-F42 -> 0
A43: 45825 | B43: DR | C43: TOTAL CHARGES / TO 26MAY2025 | D43: 5 | F43: 4873.35 | G43: =F42+E43-D43-F43 -> 0
A44: 45831 | B44: DD | C44: BIFFA WASTE SERVIC | D44: 48.96 | G44: =F43+E44-D44-F44 -> 4824.39
A45: 45831 | B45: CR | C45: Crossford & Kirkfi / INV 16 MAY LETS | E45: 85.2 | G45: =F44+E45-D45-F45 -> 85.2
A46: 45831 | B46: CR | C46: KEITH HAIG / Sandy - May/June | E46: 71 | F46: 4980.59 | G46: =F45+E46-D46-F46 -> -4909.59
A47: 45832 | B47: BP | C47: Mandy Johnstone / Crossford 2406 | D47: 30 | F47: 4950.59 | G47: =F46+E47-D47-F47 -> 0
A48: 45854 | B48: CR | C48: J Gibson / Donald Gibson | E48: 120 | F48: 5070.59 | G48: =F47+E48-D48-F48 -> 0
A49: 45856 | B49: DR | C49: TOTAL CHARGES TO 26JUN2025 | D49: 5 | G49: =F48+E49-D49-F49 -> 5065.59
A50: 45856 | B50: BP | C50: Mandy Johnstone / Crossford Hall | D50: 70 | F50: 4995.59 | G50: =F49+E50-D50-F50 -> -5065.59
A51: 45857 | B51: CR | C51: COG (CHRISTIAN OU) / COG | E51: 30 | G51: =F50+E51-D51-F51 -> 5025.59
A52: 45857 | B52: CR | C52: P Forrest / PETER FORREST | E52: 24.85 | F52: 5050.44 | G52: =F51+E52-D52-F52 -> -5025.59
A53: 45858 | B53: CR | C53: Crossford Playgrou / HALL INV 1031 June | E53: 127.8 | G53: =F52+E53-D53-F53 -> 5178.24
A54: 45858 | B54: CR | C54: VIVA / VIVA JUNE INV1038 | E54: 49.7 | F54: 5227.94 | G54: =F53+E54-D54-F54 -> -5178.24
A55: 45859 | B55: CR | C55: UnLeish Your Mind INV-1039 | E55: 45 | F55: 5272.94 | G55: =F54+E55-D55-F55 -> 0
A56: 45865 | B56: CR | C56: K Boag / INV-1029/1030 | E56: 30 | F56: 5302.94 | G56: =F55+E56-D56-F56 -> 0
A57: 45866 | B57: DD | C57: BIFFA WASTE SERVIC | D57: 39.17 | F57: 5263.77 | G57: =F56+E57-D57-F57 -> 0
A58: 45869 | B58: BP | C58: Mandy Johnstone / Crossford Hall | D58: 30 | F58: 5233.77 | G58: =F57+E58-D58-F58 -> 0
A59: 45870 | B59: CR | C59: VIVA / VIVA July 1046 | E59: 24.85 | G59: =F58+E59-D59-F59 -> 5258.62
A60: 45870 | B60: CR | C60: UnLeish Your Mind / INV-1047 | E60: 60 | F60: 5318.62 | G60: =F59+E60-D60-F60 -> -5258.62
A61: 45881 | B61: CR | C61: SOCCER EVOLVE ACAD / INV-1044 | E61: 150 | G61: =F60+E61-D61-F61 -> 5468.62
A62: 45881 | B62: CR | C62: SOCCER EVOLVE ACAD / INV-1043 | E62: 135 | G62: =F61+E62-D62-F62 -> 135
A63: 45881 | B63: CR | C63: SOCCER EVOLVE ACAD / INV-1036 | E63: 45 | G63: =F62+E63-D63-F63 -> 45
A64: 45881 | B64: CR | C64: Kirsty Gough / K GOUGH | E64: 40 | F64: 5688.62 | G64: =F63+E64-D64-F64 -> -5648.62
A65: 45882 | B65: BP | C65: Mandy Johnstone / Crossford Hall | D65: 30 | G65: =F64+E65-D65-F65 -> 5658.62
A66: 45882 | B66: CR | C66: V Ram / INV 1045 | E66: 20 | F66: 5678.62 | G66: =F65+E66-D66-F66 -> -5658.62
A67: 45886 | B67: DR | C67: TOTAL CHARGES / TO 26JUL2025 | D67: 5 | F67: 5673.62 | G67: =F66+E67-D67-F67 -> 0
A68: 45890 | B68: CR | C68: EMMA MILROY / Emma Harvison | E68: 150 | F68: 5823.62 | G68: =F67+E68-D68-F68 -> 0
A69: 45895 | B69: DD | C69: BIFFA WASTE SERVIC | D69: 39.17 | F69: 5784.45 | G69: =F68+E69-D69-F69 -> 0
A70: 45896 | B70: DD | C70: SCOTTISH WATER BUS | D70: 267.95 | F70: 5516.5 | G70: =F69+E70-D70-F70 -> 0
A71: 45897 | B71: DD | C71: GOCARDLESS | D71: 36 | F71: 5480.5 | G71: =F70+E71-D71-F71 -> 0
A72: 45903 | B72: CR | C72: CLYDE VALLEY FILLI / The Filling Station | E72: 35 | G72: =F71+E72-D72-F72 -> 5515.5
A73: 45903 | B73: CR | C73: Crossford Playgrou / HALL INV 1049 AUG | E73: 170.4 | F73: 5685.9 | G73: =F72+E73-D73-F73 -> -5515.5
A74: 45904 | B74: CR | C74: VIVA / VIVA Aug inv1053 | E74: 49.7 | F74: 5735.6 | G74: =F73+E74-D74-F74 -> 0
A75: 45905 | B75: CR | C75: UnLeish Your Mind / INV-1052 | E75: 60 | F75: 5795.6 | G75: =F74+E75-D75-F75 -> 0
A76: 45907 | B76: CR | C76: Kirsty Gough / K GOUGH | E76: 40 | G76: =F75+E76-D76-F76 -> 5835.6
A77: 45907 | B77: BP | C77: Mandy Johnstone / Crossford 0209 | D77: 30 | G77: =F76+E77-D77-F77 -> -30
A78: 45907 | B78: BP | C78: Colbrook Supplies / Crossf01 | D78: 70.77 | G78: =F77+E78-D78-F78 -> -70.77
A79: 45907 | B79: BP | C79: Certas / 0003025 | D79: 1230.31 | F79: 4504.52 | G79: =F78+E79-D79-F79 -> -5734.83
A80: 45908 | B80: CR | C80: K Boag / INV-1040 | E80: 60 | G80: =F79+E80-D80-F80 -> 4564.52
A81: 45908 | B81: CR | C81: K Boag / INV-1054 | E81: 15 | G81: =F80+E81-D81-F81 -> 15
A82: 45908 | B82: CR | C82: K Boag / INV-1055 | E82: 30 | F82: 4609.52 | G82: =F81+E82-D82-F82 -> -4579.52
A83: 45915 | B83: CR | C83: J Gibson / DONALD GIBSON | E83: 90 | F83: 4699.52 | G83: =F82+E83-D83-F83 -> 0
A84: 45922 | B84: DD | C84: BIFFA WASTE SERVIC | D84: 48.96 | F84: 4650.56 | G84: =F83+E84-D84-F84 -> 0
A85: 45925 | B85: BP | C85: Mandy Johnstone / Crossford 1609 | D85: 30 | F85: 4620.56 | G85: =F84+E85-D85-F85 -> 0
A86: 45930 | B86: CR | C86: CLYDE VALLEY FILLI / THE FILLING STATIO | E86: 35 | F86: 4655.56 | G86: =F85+E86-D86-F86 -> 0
A87: 45931 | B87: BP | C87: Mandy Johnstone / Crossford 3009 | D87: 30 | G87: =F86+E87-D87-F87 -> 4625.56
A88: 45931 | B88: BP | C88: Colbrook Supplies / Crossf01 | D88: 34.79 | G88: =F87+E88-D88-F88 -> -34.79
A89: 45931 | B89: CR | C89: COG (CHRISTIAN OU) / COG. INV-1058 | E89: 30 | F89: 4620.77 | G89: =F88+E89-D89-F89 -> -4590.77
A90: 45933 | B90: CR | C90: Crossford Playgrou / HALL INV 1061 SEP | E90: 191.7 | G90: =F89+E90-D90-F90 -> 4812.47
A91: 45933 | B91: CR | C91: VIVA / VIVA Sept INV1065 | E91: 49.7 | F91: 4862.17 | G91: =F90+E91-D91-F91 -> -4812.47
A92: 45936 | B92: CR | C92: K Boag / INV-1060 | E92: 60 | F92: 4922.17 | G92: =F91+E92-D92-F92 -> 0
A93: 45937 | B93: CR | C93: Kirsty Gough / K GOUGH | E93: 40 | F93: 4962.17 | G93: =F92+E93-D93-F93 -> 0
A94: 45940 | B94: CR | C94: J Gibson / DONALD GIBSON | E94: 60 | F94: 5022.17 | G94: =F93+E94-D94-F94 -> 0
A95: 45943 | B95: CR | C95: UnLeish Your Mind / INV-1066 | E95: 45 | F95: 5067.17 | G95: =F94+E95-D95-F95 -> 0
A96: 45944 | B96: CR | C96: SOCCER EVOLVE ACAD / Bk-1043 | E96: 45 | F96: 5112.17 | G96: =F95+E96-D96-F96 -> 0
A97: 45947 | B97: BP | C97: Joan Manayrd / Plumber hall | D97: 60 | G97: =F96+E97-D97-F97 -> 5052.17
A98: 45947 | B98: BP | C98: Mandy Johnstone / Crossford Hall 610 | D98: 30 | F98: 5022.17 | G98: =F97+E98-D98-F98 -> -5052.17
A99: 45957 | B99: DD | C99: BIFFA WASTE SERVIC | D99: 39.17 | F99: 4983 | G99: =F98+E99-D99-F99 -> 0
A100: 45962 | B100: CR | C100: Kirsty Gough / K GOUGH | E100: 40 | F100: 5023 | G100: =F99+E100-D100-F100 -> 0
...

Sheet pivot
A1: Row Labels | B1: Sum of Paid_out | C1: Sum of Paid_in
A2: 2025
A3: Mar
A4: Apr | B4: 884.97 | C4: 642.3
A5: May | B5: 355.97 | C5: 651
A6: Jun | B6: 210.91 | C6: 753.3
A7: Jul | B7: 144.17 | C7: 427.35
A8: Aug | B8: 378.12 | C8: 624.85
A9: Sep | B9: 1410.04 | C9: 585.1
A10: Oct | B10: 193.96 | C10: 521.4
A11: Nov | B11: 3027.53 | C11: 608.45
A12: Dec | B12: 228.96 | C12: 669.5
A13: 2026
A14: Jan | B14: 660.8 | C14: 390.6
A15: Feb | B15: 1959.41 | C15: 4263.8
A16: Mar | B16: 1014.14 | C16: 593.7
A17: Apr | B17: 136.27 | C17: 497.9
A18: Grand Total | B18: 10605.25 | C18: 11229.25

Sheet original - incorrect
C1: March | D1: April | E1: May | F1: June | G1: July | H1: August | I1: September | J1: October | K1: November | L1: December | M1: January | N1: Febuary | O1: March
B2: Soccer Evolve | E2: 135 | H2: 330 | J2: 45 | L2: 75
B3: KB Yoga | D3: 75 | I3: 105 | J3: 60 | K3: 60 | L3: 15 | N3: 60 | O3: 60
B4: Play Group | C4: 255.6 | D4: 213 | E4: 127.8 | F4: 276.9 | G4: 127.8 | I4: 170.4 | J4: 191.7 | K4: 170.4 | L4: 234.3 | M4: 170.4 | N4: 255.6 | O4: 213
B5: KG Martial Arts | D5: 40 | F5: 40 | G5: 30 | H5: 40 | I5: 40 | J5: 40 | K5: 40 | L5: 30 | M5: 30 | N5: 40 | O5: 50
B6: COG | C6: 21.3 | D6: 21.3 | E6: 21.3 | F6: 30 | G6: 30 | J6: 30 | K6: 30 | L6: 30 | M6: 30 | O6: 30
B7: Viva | C7: 49.7 | D7: 24.85 | E7: 106.5 | F7: 49.7 | G7: 49.7 | H7: 24.85 | I7: 49.7 | J7: 49.7 | K7: 74.55 | L7: 49.7 | M7: 85 | N7: 49.7 | O7: 49.7
B8: Young Farmers | C8: 150 | D8: 50 | E8: 20 | K8: 160 | L8: 80 | N8: 90 | O8: 120
B9: VR | H9: 20
B10: Crossford Church | C10: 85.2 | D10: 106.5 | E10: 92.3
B11: S Boag - Church Group | C11: 56.8 | D11: 56.8 | E11: 56.8
B12: PF - Clyde Valley Filling Station | C12: 21.3 | E12: 21.3 | F12: 35.5 | G12: 24.85 | I12: 70 | K12: 73 | L12: 35.5 | N12: 35.5 | O12: 71
B13: Pony Club | L13: 30 | N13: 30
B14: PS | D14: 10
B15: TL | D15: 10
B16: UYM | E16: 60 | G16: 45 | H16: 60 | I16: 60 | J16: 45
B17: KH | D17: 10
B18: Tillie Totts | C18: 46.2
B19: AM | C19: 28.4
B20: GS | E20: 10
B21: JG | F21: 10
B22: ED | L22: 60
B23: DG - Dancing | G23: 120 | I23: 90 | J23: 60
B24: Party | C24: 125 | H24: 150 | M24: 75
B25: SLC Trading Bouncy Castle | C25: -1400
B26: SLC Grant for Bouncy Castle | C26: 1400
B27: Colbrook Cleaning Equip | C27: -224.21 | I27: -70.77 | J27: -34.79 | K27: -52.3 | M27: -37.73
B28: Bank Charges | G28: -5 | H28: -5
B29: SLC Insurnace Buiildings | C29: -528.47 | O29: -556.3
B30: Certas Oil Heating | E30: -779.31 | I30: -1230.31 | K30: -979.65 | N30: -1039.5
B31: Biffa Waste Services | E31: -74.15 | G31: -39.17 | H31: -39.17 | J31: -39.17 | K31: -39.17 | L31: -48.96 | M31: -46.27 | N31: -46.29 | O31: -57.84
B32: Scottish Water | D32: -45.66 | E32: -221.82 | H32: -267.95 | K32: -267.95 | N32: -365.64
B33: Cleaning | C33: -105 | D33: -60 | E33: -60 | G33: -100 | H33: -30 | I33: -60 | J33: -60 | K33: -90 | L33: -30 | M33: -60 | N33: -120 | O33: -150
B34: Booking sysytem | H34: -36 | M34: -12
B35: JM - Repairs | J35: -60 | K35: -15 | L35: -150 | O35: -250
B36: EDF Energy | K36: -1583.46
B37: PI Insurance | M37: -454.8
B38: PAT Testing | M38: -50
B39: SLC Funding Grant | N39: 2298
B40: Donations | N40: 1405
C43: =SUM(C2:C38) -> -18.18 | D43: =SUM(D2:D38) -> 511.79 | E43: =SUM(E2:E38) -> -484.28 | F43: =SUM(F2:F38) -> 442.1 | G43: =SUM(G2:G38) -> 283.18 | H43: =SUM(H2:H38) -> 246.73 | I43: =SUM(I2:I38) -> -775.98 | J43: =SUM(J2:J38) -> 327.44 | ... M43: =SUM(M2:M38) -> -270.4 | N43: =SUM(N2:N41) -> 2692.37 | O43: =SUM(O2:O41) -> -420.44
B45: BBF Statement | C45: 3956.32 | D45: 4291.94 | E45: 4922.48 | F45: 4408.2 | G45: 4950.59 | H45: 5302.94 | I45: 5516.5 | J45: 4620.56 | K45: 4983 | L45: 4979.57 | M45: 3004.46 | N45: 2746.26 | O45: 5038.65
B46: CB Statement | C46: 4291.94 | D46: 4922.48 | E46: 4408.2 | F46: 4850.3 | G46: 5320.94 | H46: 5516.5 | I46: 4620.56 | J46: 4983 | K46: 4979.57 | L46: 3004.46 | M46: 2746.26 | N46: 5038.65 | O46: 4708.21
C48: =C45+C43-C46 -> -353.8 | D48: =D45+D43-D46 -> -118.75 | E48: =E45+E43-E46 -> 30 | F48: =F45+F43-F46 -> 0 | G48: =G45+G43-G46 -> -87.17 | H48: =H45+H43-H46 -> 33.17 | I48: =I45+I43-I46 -> 119.96 | J48: =J45+J43-J46 -> -35 | ... O48: =O45+O43-O46 -> -90
